 Dungeon Crawl Stone Soup version 0.30.1-3-gfc49f6343a (webtiles) character file.

Game seed: 8026274800177230493

8980 Wiggles the Severer (level 11, -8/82 HPs)
             Began as a Minotaur Berserker on Aug 7, 2023.
             Was an Elder of Trog.
             Killed from afar by a deep elf pyromancer (13 damage)
             ... with a bolt of fire
             ... on level 10 of the Dungeon.
             The game lasted 00:17:10 (9455 turns).

Wiggles the Severer (Minotaur Berserker)            Turns: 9455, Time: 00:17:11

Health: -8/82      AC: 21    Str: 31    XL:     11   Next: 17%
Magic:  0/10       EV:  8    Int:  4    God:    Trog [****..]
Gold:   65         SH:  0    Dex: 11    Spells: 10/10 levels left

rFire   . . .        h - +4 battleaxe (heavy)
rCold   . . .        (shield currently unavailable)
rNeg    . . .        K - +5 plate armour
rPois   .            t - +2 hat
rElec   .            M - +0 cloak
rCorr   .            z - +0 pair of gloves
SInv    .            C - +0 pair of boots
Will    .....        l - amulet of guardian spirit Stlth
                     g - +4 ring of slaying
HPRegen 0.33/turn    a - +6 ring of strength
MPRegen 0.12/turn

%: guardian spirit
@: on berserk cooldown, slowed, very slow
A: horns 2, retaliatory headbutt
a: Renounce Religion, Berserk, Trog's Hand, Brothers in Arms


You were on level 10 of the Dungeon.
You worshipped Trog.
Trog was greatly pleased with you.
You visited 1 branch of the dungeon, and saw 10 of its levels.
You also visited: Sewer.

You collected 497 gold pieces.
You spent 432 gold pieces at shops.

Inventory:

Hand Weapons
 h - a +4 heavy battleaxe (weapon)
Missiles
 q - 2 throwing nets (quivered)
Armour
 t - a +2 hat (worn)
 z - a +0 pair of gloves (worn)
 C - a +0 pair of boots (worn)
 K - a +5 plate armour (worn)
 M - a +0 cloak (worn)
Jewellery
 a - a +6 ring of strength (right hand)
 g - a +4 ring of slaying (left hand)
 l - an amulet of guardian spirit (around neck)
 m - a ring of positive energy
Wands
 p - a wand of charming (13)
 s - a wand of flame (3)
Scrolls
 c - 2 scrolls of poison
 e - 2 scrolls of blinking
 j - a scroll of amnesia
 k - a scroll of fear
 v - 5 scrolls of teleportation
 E - a scroll of fog
 G - a scroll of silence
Potions
 b - 3 potions of degeneration
 d - 2 potions of magic
 f - a potion of lignification
 i - a potion of attraction {unknown}
 n - 3 potions of invisibility
 o - a potion of resistance
 r - a potion of ambrosia
 u - 3 potions of heal wounds
 w - a potion of flight {unknown}
 x - 3 potions of curing
 A - a potion of might
 D - 3 potions of berserk rage
 F - a potion of haste {unknown}
 H - 2 potions of brilliance {unknown}
 L - a potion of mutation {unknown}


   Skills:
 - Level 3.6 Fighting
 + Level 19.4 Axes
 - Level 2.4 Armour
 - Level 2.1 Dodging
 + Level 4.1 Stealth
 + Level 1.8 Unarmed Combat


You had 10 spell levels left.
You didn't know any spells.
Your spell library was empty.

Dungeon Overview and Level Annotations

Branches:
Dungeon (10/15)            Temple (0/1) D:5            Lair (0/5) D:8
    Orc (0/2) D:9           Sewer (visited)

Altars:
Ashenzari
Cheibriados
Kikubaaqudgha
Nemelex Xobeh
Qazlal
Sif Muna
The Shining One

Shops:
D:9 =


Innate Abilities, Weirdness & Mutations

You have a pair of horns on your head.
You reflexively headbutt those who attack you in melee.


Message History

You feel the power of Trog in you as your rage grows.
You destroy the skeletal warrior!
Trog accepts your kill.
You see here a +0 heavy dire flail.
You feel a strong urge to attack something.
Things that are here:
a +0 glaive; a +0 chain mail You see here a +0 heavy dire flail.
You feel your anger nearly subside.
You are no longer berserk.
You are exhausted.
You feel yourself slow down.
You see here a +0 heavy dire flail.
A deep elf pyromancer comes into view. It is wielding a +0 long sword.
The deep elf pyromancer gestures at you while chanting.
The bolt of fire hits you!!
The deep elf pyromancer casts a spell at you.
The sticky flame hits you!
You are covered in liquid flames!
You are covered in liquid flames!
You are no longer on fire.
The deep elf pyromancer gestures wildly while chanting.
The deep elf pyromancer points at you and mumbles some strange words.
The sticky flame hits you!
You are covered in liquid flames!
* * * LOW HITPOINT WARNING * * *
You hear a shout!
You are covered in liquid flames!
* * * LOW HITPOINT WARNING * * *
You hear a shout!
The deep elf pyromancer hits you with a +0 long sword.
* * * LOW HITPOINT WARNING * * *
You see here a +0 heavy dire flail.
You slice the deep elf pyromancer!! You headbutt the deep elf pyromancer!
The deep elf pyromancer is severely wounded.
You are covered in liquid flames!
* * * LOW HITPOINT WARNING * * *
You are no longer on fire.
The deep elf pyromancer casts a spell at you.
The bolt of fire hits you!
You die...

#......###.#
##.......##.#
#...........# #
##.......#..# ..
###.....###.#######.###
.......................
#####..########☼.......
#..#......E########
#..#.######e@.....#
...# #....E######.# #
..# #.####


You could see a deep elf pyromancer and 2 fire elementals.

Vanquished Creatures
  A two-headed ogre (D:8)
  A skeletal warrior (D:10)
  Pikel (D:4)
  An ugly thing (D:8)
  Joseph (D:10)
  A gargoyle (D:9)
  A komodo dragon (D:8)
  Grinder (D:6)
  A troll (D:9)
  A hornet (D:7)
  4 yaks (D:10)
  3 steam dragons
  A wyvern (D:7)
  Duvessa (D:4)
  A water moccasin (D:7)
  5 black bears
  Pargi (Sewer)
  An ice beast (D:7)
  3 sky beasts
  An ogre (D:6)
  5 orc warriors
  2 centaurs (D:9)
  A lemure (D:4)
  2 phantoms (D:6)
  A kobold brigand (D:8)
  4 bullfrogs
  4 scorpions
  11 wights
  Dowan (D:4)
  8 killer bees (D:9)
  3 howler monkeys
  5 orc priests
  A gnoll bouda (D:9)
  A hound (D:6)
  A jelly (D:6)
  Natasha (thrice) (D:2)
  Terence (D:3)
  4 iguanas
  7 orc wizards
  4 gnolls (D:9)
  11 adders
  3 white imps
  A worm (D:2)
  2 dart slugs
  25 orcs
  10 endoplasms
  4 giant cockroaches
  7 goblins
  5 hobgoblins
  8 jackals
  3 quokkas
  18 ball pythons
  7 bats
  10 frilled lizards
  13 kobolds
  2 rats
229 creatures vanquished.

Notes
Turn   | Place    | Note
-------+----------+-------------------------------------------
     0 | D:1      | Wiggles the Minotaur Berserker began the quest for the Orb.
     0 | D:1      | Reached XP level 1. HP: 19/19 MP: 0/0
   113 | D:1      | Reached skill level 4 in Axes
   214 | D:1      | Reached XP level 2. HP: 26/26 MP: 1/1
   659 | D:1      | Reached ** piety under Trog
   666 | D:1      | Reached skill level 5 in Axes
   735 | D:2      | Reached XP level 3. HP: 31/31 MP: 2/2
  1208 | D:2      | Reached XP level 4. HP: 39/39 MP: 3/3
  1334 | D:2      | Found a glowing golden altar of the Shining One.
  1532 | D:2      | Noticed Natasha
  1548 | D:2      | Killed Natasha
  1549 | D:2      | Reached skill level 6 in Axes
  2562 | D:2      | Noticed Natasha
  2575 | D:2      | Killed Natasha
  2711 | D:2      | Noticed Natasha
  2723 | D:2      | Killed Natasha
  2724 | D:2      | Reached skill level 7 in Axes
  2724 | D:2      | Reached XP level 5. HP: 23/45 MP: 1/4
  2866 | D:3      | Noticed Terence
  2871 | D:3      | Killed Terence
  3203 | D:3      | Found a faded altar of an unknown god.
  3685 | D:4      | Noticed Dowan
  3686 | D:4      | Noticed Duvessa
  3697 | D:4      | Killed Dowan
  3698 | D:4      | Reached skill level 8 in Axes
  3698 | D:4      | Reached XP level 6. HP: 14/51 MP: 2/5
  3701 | D:4      | Killed Duvessa
  3880 | D:4      | Reached skill level 9 in Axes
  3903 | D:4      | Reached *** piety under Trog
  4023 | D:4      | Noticed Pikel
  4031 | D:4      | Killed Pikel
  4032 | D:4      | Reached skill level 10 in Axes
  4032 | D:4      | Reached skill level 1 in Stealth
  4032 | D:4      | Reached XP level 7. HP: 55/57 MP: 3/6
  4379 | D:4      | Reached skill level 11 in Axes
  4449 | D:4      | Found a broken altar of Ashenzari.
  4754 | D:5      | Entered Level 5 of the Dungeon
  4784 | D:5      | Found a staircase to the Ecumenical Temple.
  4802 | D:5      | Reached skill level 1 in Unarmed Combat
  4802 | D:5      | Reached XP level 8. HP: 57/64 MP: 5/7
  5015 | D:5      | Reached skill level 12 in Axes
  5339 | D:6      | Noticed Grinder
  5344 | D:6      | Paralysed by Grinder for 4 turns
  5352 | D:5      | Reached skill level 13 in Axes
  5373 | D:6      | Killed Grinder
  5442 | D:6      | Reached XP level 9. HP: 70/70 MP: 8/8
  5454 | D:6      | Reached **** piety under Trog
  5455 | D:6      | Reached skill level 14 in Axes
  5654 | D:6      | Found a glowing drain.
  5668 | Sewer    | Entered a sewer
  5719 | Sewer    | Noticed Pargi
  5726 | Sewer    | Killed Pargi
  6246 | D:7      | Identified the +1 leather armour of Limitation {Int-3
                  | Slay+4 SInv Stlth+}
  6284 | D:7      | Reached skill level 15 in Axes
  6466 | D:7      | Paralysed by a hornet for 2 turns
  6477 | D:7      | HP: 2/70 [poisoned by a hornet]
  6748 | D:7      | Reached skill level 16 in Axes
  6862 | D:7      | Found a shimmering blue altar of Sif Muna.
  7204 | D:8      | Found a stormy altar of Qazlal.
  7254 | D:8      | Reached XP level 10. HP: 53/77 MP: 6/9
  7468 | D:8      | Found a staircase to the Lair.
  7530 | D:8      | Reached skill level 17 in Axes
  7619 | D:8      | Found an ancient bone altar of Kikubaaqudgha.
  7623 | D:8      | Noticed a two-headed ogre
  7626 | D:8      | Found a sparkling altar of Nemelex Xobeh.
  7661 | D:8      | Killed a two-headed ogre
  7910 | D:8      | Noticed a cyan ugly thing
  7919 | D:8      | Killed a cyan ugly thing
  8384 | D:9      | Found a staircase to the Orcish Mines.
  8414 | D:9      | Reached skill level 18 in Axes
  8464 | D:9      | Found Erripah's Jewellery Shoppe.
  8652 | D:9      | Bought a +6 ring of strength for 432 gold pieces
  8678 | D:9      | Reached ***** piety under Trog
  8680 | D:9      | Noticed a gargoyle
  8689 | D:9      | Killed a gargoyle
  9041 | D:9      | Found a snail-covered altar of Cheibriados.
  9183 | D:10     | Entered Level 10 of the Dungeon
  9185 | D:10     | Noticed Joseph
  9203 | D:10     | Killed Joseph
  9204 | D:10     | Reached skill level 19 in Axes
  9204 | D:10     | Reached XP level 11. HP: 46/76 MP: 6/10
  9430 | D:10     | Noticed a skeletal warrior
  9439 | D:10     | Killed a skeletal warrior
  9450 | D:10     | Noticed a deep elf pyromancer
  9455 | D:10     | Killed from afar by a deep elf pyromancer

Illustrated notes

Levels and vault maps discovered:
D:1:      lemuel_arrival_funnel, layout_basic
D:2:      layout_basic, basic_altar, grunt_ministairs_3, st_stairs_6,
          minmay_stone_trees_small, corner_web_ring, uniq_natasha
D:3:      minmay_wonky_spiral, layout_loops_ring,
          shapermc_ecumenical_altar_ellora, minmay_lizard_king, uniq_terence
D:4:      layout_basic, cheibrodos_ashenzari_chains, minmay_crossroads,
          uniq_duvessa, uniq_pikel
D:5:      layout_rooms, minmay_temple_entry_grid
D:6:      layout_rooms, gup_sewer_entry_glass, uniq_grinder
D:7:      layout_basic, nicolae_sif_muna_little_library,
          chequers_serial_rivers_large_a
D:8:      layout_layer_cave, mainiacjoe_overflow_paths,
          mainiacjoe_overflow_catwalk_spiral, grunt_lair_entry_orc_guard_hut
D:9:      layout_cave_pools, lemuel_tele_altar, orc_0_dummy, serial_shops, shop
D:10:     minmay_distorted_concentric_squares, layout_loops_ring, uniq_joseph

Skill      XL: |  1  2  3  4  5  6  7  8  9 10 11 |
---------------+----------------------------------+-----
Axes           | 4 5 7 8 10 11 13 16 19 | 19.4
Stealth        | 1 3 4 |  4.1
Unarmed Combat | 1 |  1.8
Fighting       | |  3.6
Armour         | |  2.4
Dodging        | |  2.1

Action                     |  1- 3 |  4- 6 |  7- 9 | 10-12 || total
---------------------------+-------+-------+-------+-------++-------
  Melee: Hand axe          |    62 |   118 |   222 |    33 ||   435
         Headbutt          |     5 |    27 |    43 |    23 ||    98
         Unarmed           |       |     6 |       |       ||     6
         Punch             |       |     2 |     4 |     1 ||     7
         Battleaxe         |       |       |       |    78 ||    78
 Invoke: Berserk           |     1 |     5 |     4 |     4 ||    14
    Use: Scroll            |       |       |    24 |     6 ||    30
         Potion            |       |       |     1 |       ||     1
 Armour: Animal skin       |     8 |       |       |       ||     8
         Scale mail        |    20 |    11 |       |       ||    31
         Chain mail        |       |    31 |    65 |       ||    96
         Plate armour      |       |       |    43 |   109 ||   152
  Dodge: Dodged            |    42 |    59 |    54 |    43 ||   198
